 Dungeon Crawl Stone Soup version 0.17-a0-1632-g0af21bd (webtiles) character file.

402 urechis the Ruffian (level 6, -3/62 HPs)
             Began as a Troll Monk on Aug 3, 2015.
             Slain by an orc
             ... wielding a +0 flail
              (8 damage)
             ... on level 4 of the Dungeon.
             The game lasted 00:03:03 (1912 turns).

urechis the Ruffian (Troll Monk)                    Turns: 1912, Time: 00:03:03

Health: -3/62      AC:  5    Str: 20    XL:     6   Next: 55%
Magic:  5/5        EV: 10    Int:  6    God:
Gold:   145        SH:  0    Dex: 14    Spells: 0 memorised, 5 levels left

rFire  . . .     SeeInvis .       - Unarmed
rCold  . . .     Clarity  .     a - +0 robe
rNeg   . . .     SustAt   .     (no shield)
rPois  .         Gourm    +     (helmet restricted)
rElec  .         Spirit   .     (no cloak)
rCorr  .         Warding  .     (gloves unavailable)
rMut   .         Stasis   .     (boots unavailable)
MR     .....                    (no amulet)
Stlth  ++........               (no ring)
                                (no ring)

@: not resistant to hostile enchantments, unstealthy
A: unfitting armour, claws 3, fast metabolism 3, gourmand, regeneration 2,
shaggy fur 1, tough skin 2
a: no special abilities


You were on level 4 of the Dungeon.
You were very full.

You visited 1 branch of the dungeon, and saw 4 of its levels.

You collected 145 gold pieces.

Inventory:

Missiles
 c - 4 large rocks (quivered)
Armour
 a - a +0 robe (worn)
Scrolls
 f - 6 scrolls of identify {unknown}
 g - a scroll of fog {unknown}
 h - 2 scrolls of random uselessness {unknown}
 k - a scroll of recharging {unknown}
 l - a scroll of remove curse {unknown}
 m - a scroll of teleportation {unknown}
 n - a scroll of immolation {unknown}
 s - a scroll of fear {unknown}
Potions
 d - 6 potions of curing {unknown}
 e - a potion of might {unknown}
 i - a potion of flight {unknown}
 j - a potion of ambrosia {unknown}
 o - a potion of lignification {unknown}
 p - a potion of magic {unknown}
 r - a potion of cure mutation {unknown}
Comestibles
 b - 3 bread rations
 q - a meat ration
 t - 4 chunks of flesh


   Skills:
 + Level 3.9 Fighting
 - Level 2.4 Dodging
 - Level 1.1 Stealth
 * Level 7.0 Unarmed Combat


You had 5 spell levels left.
You didn't know any spells.

Dungeon Overview and Level Annotations

Branches:
Dungeon (4/15)
 Temple: D:4-7

Altars:
Trog


Innate Abilities, Weirdness & Mutations

You are too large for most types of armour.
You have claws for hands.
Your metabolism is lightning-fast.
You like to eat raw meat.
You heal very quickly.
You are covered in fur (AC +1).
You have very tough skin (AC +2).


Message History

You are too injured to fight recklessly!
You are too injured to fight recklessly!
You are too injured to fight recklessly!
You are too injured to fight recklessly!
You are too injured to fight recklessly!
You are too injured to fight recklessly!
You are too injured to fight recklessly!
You are too injured to fight recklessly!
You are too injured to fight recklessly!
You are too injured to fight recklessly!
You claw the orc wizard!
You kill the orc wizard!
Your Unarmed Combat skill increases to level 7!
The giant frog hits you but does no damage.
The orc hits you with a flail!
* * * LOW HITPOINT WARNING * * *
The orc completely misses you. The giant frog hits you.
* * * LOW HITPOINT WARNING * * *
The orc hits you with a flail!
You die...

......## ..............%
>......# ...............
.......# ...............
########................
##....#..8≈≈8....8≈≈8..
##.....#..≈≈≈≈....≈≈≈≈..
.......#..≈≈≈≈.o).≈≈≈≈..
##.<...#..8≈≈8.oF)8≈≈8..
##....#........@.......
######................
###...# ######''#######
##....####.###.........
...............##..####
..#..#####..##.# #.#
....## ##.#..# #.#
....#######...## #.#
###......##...## #.#


You could see a giant frog and 2 orcs.

Vanquished Creatures
  An ogre (D:4)
  A scorpion (D:4)
  2 orc wizards (D:4)
  2 worker ants (D:4)
  An orc priest (D:4)
  6 adders
  8 orcs
  2 bats
  3 giant cockroaches
  13 hobgoblins
  9 jackals
  7 kobolds
  3 giant geckos
  9 giant newts
  3 goblins
  A jackal skeleton (D:4)
  10 rats
81 creatures vanquished.

Notes
Turn   | Place    | Note
--------------------------------------------------------------
     0 | D:1      | urechis the Troll Monk began the quest for the Orb.
     0 | D:1      | Reached XP level 1. HP: 22/22 MP: 0/0
   155 | D:1      | Reached XP level 2. HP: 29/29 MP: 1/1
   751 | D:2      | Reached XP level 3. HP: 36/36 MP: 2/2
   838 | D:2      | Found a bloodstained altar of Trog.
   859 | D:2      | Reached skill level 5 in Unarmed Combat
  1252 | D:3      | Reached XP level 4. HP: 44/44 MP: 3/3
  1601 | D:4      | Reached XP level 5. HP: 28/53 MP: 4/4
  1615 | D:4      | Reached skill level 6 in Unarmed Combat
  1733 | D:4      | Found a bloodstained altar of Trog.
  1752 | D:4      | Noticed an ogre
  1757 | D:4      | Killed an ogre
  1757 | D:4      | Reached XP level 6. HP: 24/62 MP: 5/5
  1900 | D:4      | Noticed a giant frog
  1911 | D:4      | Reached skill level 7 in Unarmed Combat
  1912 | D:4      | Slain by an orc

Vault maps used:
D:1:      sevenhm_arrival_forest_fort_large_4
D:2:      trog_three_pillars_becter
D:4:      lemuel_round_altar, kennysheep_dice

Action                   |  1- 3 |  4- 6 || total
-------------------------+-------+-------++-------
Melee: Unarmed           |   126 |    91 ||   217
 Stab: Sleeping          |     1 |     1 ||     2
  Eat: Chunk             |    13 |     9 ||    22
